 Dungeon Crawl Stone Soup version 0.25-a0-413-g3b4b6a4ccc (console) character file.

Game seed: 11995202475193815050, levelgen mode: deterministic

91 Ignak the Magician (level 4, 0/33 HPs)
             Began as a Mummy Wizard on Jan 16, 2020.
             Slain by a hound (3 damage)
             ... on level 3 of the Dungeon.
             The game lasted 00:06:34 (2221 turns).

Ignak the Magician (Mummy Wizard)                   Turns: 2221, Time: 00:06:35

Health: 0/33       AC:  3    Str: 10    XL:     4   Next: 34%
Magic:  0/10       EV: 12    Int: 18    God:
Gold:   85         SH:  0    Dex: 10    Spells: 4/12 levels left

rFire    x . .     SeeInvis .   d - -1 quarterstaff (curse)
rCold    + . .     Gourm    .   (shield currently unavailable)
rNeg     + + +     Faith    .   a - +0 robe
rPois    ∞         Spirit   .   b - +1 hat
rElec    .         Reflect  .   (no cloak)
rCorr    .         Harm     .   (no gloves)
MR       .....     Rnd*Tele +   (no boots)
Stlth    ++........             (no amulet)
HPRegen  0.11/turn              e - ring of teleportation (curse)
MPRegen  0.12/turn              (no ring)

@: very slightly contaminated
A: no food or potions, fire vulnerability, cold resistance 1, negative energy
resistance 3, torment resistance, unbreathing
a: no special abilities


You were on level 3 of the Dungeon.
You were not hungry.

You visited 1 branch of the dungeon, and saw 3 of its levels.

You collected 85 gold pieces.

Inventory:

Hand Weapons
 d - a cursed -1 quarterstaff (weapon)
 f - a +2 spear of venom
Armour
 a - a +0 robe (worn)
 b - a +1 hat (worn)
Jewellery
 e - a cursed ring of teleportation (left hand)
Scrolls
 c - 2 scrolls of enchant armour


   Skills:
 + Level 1.8 Fighting
 + Level 2.3 Dodging
 - Level 1.5 Stealth
 + Level 4.7 Spellcasting
 + Level 1.7 Conjurations
 - Level 0.7 Summonings
 - Level 0.7 Translocations


You had 4 spell levels left.
You knew the following spells:

 Your Spells              Type           Power        Failure   Level  Hunger
a - Magic Dart            Conj           ##..         7%          1    N/A
b - Blink                 Tloc           N/A          16%         2    N/A
d - Mephitic Cloud        Conj/Pois/Air  #.......     32%         3    N/A
e - Call Imp              Summ           #.......     16%         2    N/A

Your spell library contained the following spells:

 Spells                   Type           Power        Failure   Level  Hunger
 Slow                     Hex            #.......     21%         2    N/A
 Conjure Flame            Conj/Fire      #.......     28%         3    N/A

Dungeon Overview and Level Annotations

Branches:
Dungeon (2/15)

Altars:


Innate Abilities, Weirdness & Mutations

You do not eat or drink.
Your flesh is vulnerable to fire.
You are immune to poison.
Your flesh is cold resistant. (rC+)
You are immune to negative energy. (rN+++)
You are immune to unholy pain and torment.
You can survive without breathing.


Message History

g - Guard the area. f - Follow me.
Anything else - Cancel.
Gang up on whom?
Press: ? - help, Dir - move target cursor, f/p - hound
Aim: a hound (almost dead) Attack!
The hound closely misses your crimson imp.
Your crimson imp barely misses the hound.
The hound barely misses your crimson imp.
Your crimson imp blinks!
Casting: Magic Dart (safe; 7% risk of failure)
Confirm with . or Enter, or press ? or * to list all spells.
You miscast Call Imp.
You are very lightly contaminated with residual magic.
You hear strange voices.
Your crimson imp disappears in a puff of smoke!
You barely miss the hound.
The hound is severely wounded.
The hound bites you.
You die...

### #### ### #.#
#..###############.##
#.#########....................
#............###############.##
######.######..######### #.#
.......# #..#.......# #.#
#####..######.........# #.#
####...........#@#############.#
................h.>#..!...^....#
####....####.#.....#.#######.#.##
####....##.#.........#.....).....
..##................§.§#####.....
#.##....##.......†...#§#####...##
#.##...........#.###.............
#..#..####.###.#.#..#..#####.#..#
....................h..# #.#..#


You could see a hound.

Vanquished Creatures
  A worker ant (D:3)
  2 oozes (D:1)
  A worm (D:3)
  A leopard gecko (D:3)
  2 orcs (D:3)
  A giant cockroach (D:1)
  8 goblins
  5 hobgoblins
  5 kobolds
  8 bats
  A frilled lizard (D:3)
  4 rats
39 creatures vanquished.

Vanquished Creatures (collateral kills)
  An ooze (D:1)
  A dart slug (D:1)
  A bat (D:3)
  A giant cockroach (D:3)
  2 hobgoblins (D:1)
  A jackal (D:1)
  2 frilled lizards (D:3)
  A kobold (D:1)
  2 rats
12 creatures vanquished.

Grand Total: 51 creatures vanquished

Notes
Turn   | Place    | Note
-------+----------+-------------------------------------------
     0 | D:1      | Ignak the Mummy Wizard began the quest for the Orb.
     0 | D:1      | Reached XP level 1. HP: 13/13 MP: 5/5
    41 | D:1      | Reached skill level 1 in Conjurations
   217 | D:1      | Reached XP level 2. HP: 19/20 MP: 0/7
   284 | D:1      | Learned a level 2 spell: Blink
   287 | D:1      | Learned a level 2 spell: Call Imp
   444 | D:1      | Reached skill level 1 in Fighting
  1021 | D:1      | Reached XP level 3. HP: 19/26 MP: 4/8
  1028 | D:1      | Learned a level 3 spell: Mephitic Cloud
  1565 | D:2      | You fall into a shaft and drop 1 floor!
  1726 | D:3      | Reached XP level 4. HP: 33/33 MP: 7/10
  2221 | D:3      | Slain by a hound

Levels and vault maps discovered:
D:1:      kennysheep_arrival_seaside, layout_loops_corners, minmay_3d_cube
D:2:      layout_basic, nicolae_overflow_crystal_walls, kennysheep_boxes,
          uniq_jessica
D:3:      layout_basic, first_ration, kennysheep_crisscross

Skill      XL: |  1  2  3 |
---------------+----------+-----
Conjurations   | 1 |  1.7
Fighting       | 1 |  1.8
Dodging        | 2 |  2.3
Stealth        | |  1.5
Spellcasting   | |  4.7
Summonings     | |  0.7
Translocations | |  0.7

Action                   |  1- 3 |  4- 6 || total
-------------------------+-------+-------++-------
Melee: Unarmed           |    16 |       ||    16
       Club              |    30 |       ||    30
       Spear             |    40 |    24 ||    64
       Quarterstaff      |       |     9 ||     9
 Cast: Magic Dart        |    44 |     1 ||    45
       Call Imp          |    11 |     4 ||    15
       Blink             |       |     1 ||     1
  Use: Scroll            |       |     3 ||     3
 Stab: Sleeping          |     2 |       ||     2
Armor: Robe              |    24 |     4 ||    28
Dodge: Dodged            |    80 |    18 ||    98

Table legend:
 A = Non-vault XP
 B = Vault XP
 C = Vault XP percentage of total XP
 D = Non-vault monster count
 E = Vault monster count
 F = Vault count percentage of total count
                 A         B        C        D         E       F
            +---------+---------+-------+---------+---------+-------
      Total |     127 |       4 |   3.1 |      47 |       4 |   7.8
            +---------+---------+-------+---------+---------+-------
        D:1 |      50 |       4 |   7.4 |      21 |       4 |  16.0
        D:2 |       4 |       0 |   0.0 |       2 |       0 |   0.0
        D:3 |      73 |       0 |   0.0 |      24 |       0 |   0.0
            +---------+---------+-------+---------+---------+-------
